AoeStats
← Dande1987

Hideout

510188390Analyzed
1v1 RM · 2d ago on Sep 29, 2026· 61m 10s· 2 players
Game mode
Random Map
Map size
Tiny (2 player)
Population
200
Speed
Normal
Resources
Standard
Victory
Conquest
Starting age
Dark Age
Ending age
Imperial Age
RankedLock teamsTeams togetherTeam positionsShared explorationLock speedFull tech treeHidden civsTurbo modeCheats
Victory
Defeat
🇺🇾 Chinese · Uruguay
597
+17
🇪🇸 Hindustanis · Spain
608
-17
Gandalf
9:49 Feudal Age
11:28 Double-Bit Axe
17:51 Castle Age
15:58 Horse Collar
16:41 Fletching
16:52 Loom
17:51 Stone Mining
17:59 Gold Mining
32:31 Bodkin Arrow
32:47 Forging
32:38 Padded Archer Armor
37:38 Imperial Age
36:38 Wheelbarrow
36:04 Pikeman
37:35 Leather Archer Armor
39:42 Hand Cart
40:11 Rocketry
40:13 Scale Mail Armor
40:24 Heavy Plow
41:59 Squires
41:19 Halberdier
44:07 Elite Chu Ko Nu
46:41 Bracer
47:17 Iron Casting
52:59 Ring Archer Armor
53:22 Arson
Dande1987
3:20 Loom
3:59 Loom
10:32 Feudal Age
12:05 Wheelbarrow
13:06 Man-at-Arms
14:17 Arson
14:22 Town Watch
14:28 Double-Bit Axe
14:45 Stone Mining
14:45 Horse Collar
20:24 Gold Mining
26:29 Castle Age
24:36 Scale Mail Armor
24:46 Forging
27:22 Bloodlines
27:13 Husbandry
26:33 Light Cavalry
27:24 Thumb Ring
27:23 Squires
27:26 Long Swordsman
28:24 Padded Archer Armor
28:30 Scale Barding Armor
32:54 Grand Trunk Road
34:45 Hand Cart
39:03 Bow Saw
38:55 Heavy Plow
39:08 Elite Skirmisher
42:13 Fletching
50:50 Fortified Wall
Connection lost

Rejoining the realm…

Still unreachable

The connection could not be restored.

Session expired

The server has moved on; the page needs a fresh start.